 Dungeon Crawl Stone Soup version 0.30.0-5-g1a98f26d00 (webtiles) character file.

Game seed: 6583268105192999098

9062 browni3141 the Basher (level 10, 0/110 HPs)
             Began as an Ogre Delver on May 10, 2023.
             Was a Follower of Ru.
             Slain by a hornet (12 damage)
             ... while paralysed by a hornet
             ... on level 10 of the Dungeon.
             The game lasted 00:24:18 (11660 turns).

browni3141 the Basher (Ogre Delver)                Turns: 11660, Time: 00:24:18

Health: 0/110      AC:  3    Str: 22    XL:     10   Next: 40%
Magic:  4/19       EV:  1    Int: 23    God:    Ru [*.....]
Gold:   428        SH:  0    Dex: 10    Spells: 16/21 levels left

rFire   + + .        y - +1 flail (freeze)
rCold   + + .        (no shield)
rNeg    . . .        t - +0 robe "Vielizxe" {rF+ Int+2}
rPois   .            (helmet restricted)
rElec   .            R - scarf {rC+ rF+}
rCorr   .            (gloves unavailable)
SInv    .            (boots unavailable)
Will    ++...        W - amulet of regeneration
Stlth   ++           P - +6 ring of intelligence
HPRegen 1.18/turn    X - ring "Wecaequeti" {rC+ Will+ Int+4}
MPRegen 0.16/turn

%: no passive effects
@: paralysed, lethally poisoned (0 -> -17), very slightly contaminated, slowed
A: large, unfitting armour, tough skin 1, inexperienced 1
a: Renounce Religion


You were on level 10 of the Dungeon.
You worshipped Ru.
Ru was aware of your devotion.
You visited 2 branches of the dungeon, and saw 11 of its levels.

You collected 428 gold pieces.

Inventory:

Hand Weapons
 a - a +0 mace
 y - a +1 flail of freezing (weapon)
Missiles
 A - 18 poisoned darts
 J - 2 curare-tipped darts
Armour
 b - a +0 robe
 r - a +2 kite shield
 t - the +0 robe "Vielizxe" (worn) {rF+ Int+2}
   (You found it on level 7 of the Dungeon)

   Int:       It affects your intelligence (+2).
   rF:        It protects you from fire.
 R - a scarf of resistance (worn)
Magical Staves
 u - a staff of death
 T - a staff of poison
Jewellery
 s - a ring of ice
 P - a +6 ring of intelligence (left hand)
 W - an amulet of regeneration (around neck)
 X - the ring "Wecaequeti" (right hand) {rC+ Will+ Int+4}
   (You found it on level 4 of the Dungeon)

   [ring of protection from cold]

   Int:       It affects your intelligence (+4).
   rC:        It protects you from cold.
   Will:      It increases your willpower.
Wands
 g - a wand of digging (8)
 p - a wand of polymorph (11)
 V - a wand of flame (20)
Scrolls
 d - 2 scrolls of magic mapping
 q - a scroll of torment {unknown}
 w - 3 scrolls of enchant armour {unknown}
 B - 2 scrolls of poison {unknown}
 F - 3 scrolls of fog
 I - 2 scrolls of immolation {unknown}
 K - 2 scrolls of blinking {unknown}
 L - 12 scrolls of identify {unknown}
 M - 2 scrolls of enchant weapon {unknown}
 Q - 2 scrolls of amnesia {unknown}
 S - 2 scrolls of noise {unknown}
 Y - a scroll of vulnerability {unknown}
 Z - 4 scrolls of teleportation {unknown}
Potions
 v - a potion of resistance {unknown}
 x - a potion of cancellation {unknown}
 z - a potion of flight {unknown}
 C - 5 potions of curing
 D - a potion of mutation {unknown}
 G - a potion of invisibility {unknown}
 N - a potion of magic {unknown}
 O - 2 potions of brilliance {unknown}
 U - 3 potions of lignification {unknown}
Miscellaneous
 E - a phial of floods (inert)


   Skills:
 - Level 10.2 Fighting
 * Level 10.3 Maces & Flails
 - Level 1.7 Dodging
 - Level 3.7 Stealth
 * Level 3.6 Shields
 - Level 6.0 Spellcasting
 - Level 6.0 Necromancy
 - Level 6.0 Earth Magic


You had 16 spell levels left.
You knew the following spells:

 Your Spells              Type           Power      Damage    Failure   Level
a - Borgnjor's Vile Clut  Necr/Erth      17%        N/A       21%         5

Your spell library contained the following spells:

 Spells                   Type           Power      Damage    Failure   Level
 Necrotise                Necr           100%       1d9       1%          1
 Sublimation of Blood     Necr           34%        N/A       1%          2
 Apportation              Tloc           12%        N/A       9%          1
 Summon Small Mammal      Summ           24%        N/A       9%          1
 Wereblood                Tmut           6%         N/A       13%         2
 Leda's Liquefaction      Hex/Erth       10%        N/A       24%         4
 Call Canine Familiar     Summ           6%         N/A       26%         3
 Hailstorm                Conj/Ice       6%         3d4       26%         3
 Ignite Poison            Fire/Tmut/Pois 6%         N/A       26%         3
 Ozocubu's Armour         Ice            6%         N/A       26%         3
 Portal Projectile        Hex/Tloc       12%        N/A       26%         3
 Ice Form                 Ice/Tmut       6%         N/A       63%         4
 Sticky Flame             Conj/Fire      6%         2d3       63%         4
 Alistair's Intoxication  Tmut/Pois      4%         N/A       93%         5
 Fireball                 Conj/Fire      3%         3d4       93%         5
 Iskenderun's Battlesphe  Conj           6%         2d6       93%         5
 Metabolic Englaciation   Hex/Ice        3%         N/A       93%         5
 Simulacrum               Ice/Necr       10%        N/A       98%         6
 Conjure Ball Lightning   Conj/Air       3%         3x3d6     100%        6
 Eringya's Noxious Bog    Tmut/Pois      3%         N/A       100%        6
 Orb of Destruction       Conj           3%         9d5       100%        7
 Summon Hydra             Summ           3%         N/A       100%        7
 Ignition                 Fire           3%         3d4       100%        8


Dungeon Overview and Level Annotations

Branches:
Dungeon (10/15)            Temple (1/1) D:7
   Lair: D:8-11         Orc: D:9-12

Altars:
Ashenzari
Cheibriados
Dithmenos
Elyvilon
Fedhas
Gozag
Hepliaklqana
Kikubaaqudgha
Makhleb
Nemelex Xobeh
Okawaru
Qazlal
Ru
Sif Muna
Trog
Uskayaw
Vehumet
Wu Jian
Yredelemnul
Zin
The Shining One

Shops:
D:4 [=

Portals:
Abyss: D:9

Annotations:
D:9 2 transporters, LobsterGuardian's ghost, novice OpDe


Innate Abilities, Weirdness & Mutations

You are too large for most types of armour.
You have tough skin. (AC +1)
You are somewhat inexperienced. (-1 XL)


Message History

Press: ? - help, Q - select action, (/) - cycle Shift-Dir - straight line, f - hornet
Aim: a hornet (wandering, hasn't noticed you, 100% to hit)
Okay, then.
Zombie hands grab the hornet.
The hornet buzzes angrily.
The zombie hands constrict the hornet.
You hear an angry buzzing noise.
The hornet struggles to escape constriction.
A hornet comes into view.
You hear an angry buzzing noise.
The zombie hands constrict the hornet!
The hornet struggles to escape constriction.
The hornet escapes!
You miscast Borgnjor's Vile Clutch.
You are very lightly contaminated with residual magic.
Nothing appears to happen.
You hit the hornet. You freeze the hornet.
The hornet is severely wounded.
The hornet stings you!
You are poisoned.
You feel yourself slow down. The hornet stings you!
You are more poisoned.
You feel as though you will be slow longer.
The hornet attacks as you move away! The hornet stings you!
You are more poisoned.
You feel as though you will be slow longer.
You feel extremely sick. The hornet stings you!
You feel as though you will be slow longer.
Aim the phial where?
Press: ? - help, Shift-Dir - straight line, f - hornet, p - hornet
Aim: a hornet The torrent of water hits the hornet!
The hornet is moderately wounded.
The hornet is knocked back by the torrent of water.
The hornet slams into the rock wall!
The hornet is engulfed in water.
The wave splashes down.
Splash!
You fall into the shallow water.
The hornet is engulfed in water.
You feel extremely sick.
You hear an angry buzzing noise. x4
The hornet stings you.
You suddenly lose the ability to move!
The hornet stings you!
You feel as though you will be slow longer.
The hornet stings you but does no damage. x2
You can move again.
Aiming: Throw Flame
Press: ? - help, Shift-Dir - straight line, f/p - hornet
Aim: a hornet (moderately wounded, waterlogged, 52% to hit)
The puff of flame hits the hornet.
The hornet is heavily wounded.
You feel very sick. The hornet stings you!
* * * LOW HITPOINT WARNING * * *
You are more poisoned.
You feel as though you will be slow longer.
The hornet is engulfed in a cloud of scalding steam.
The hornet stings you!
* * * LOW HITPOINT WARNING * * *
You feel as though you will be slow longer.
The hornet closely misses you.
The hornet is engulfed in a cloud of scalding steam.
The hornet is stunned by your conviction and fails to attack.
A hornet comes into view.
You feel much better.
You feel extremely sick.
The hornet is no longer waterlogged. x2; The hornet stings you!
* * * LOW HITPOINT WARNING * * *
You feel as though you will be slow longer.
The hornet is engulfed in a cloud of scalding steam.
The hornet closely misses you.
The hornet is engulfed in a cloud of scalding steam.
The hornet stings you.
* * * LOW HITPOINT WARNING * * *
You are more poisoned.
You feel as though you will be slow longer.
The hornet is engulfed in a cloud of scalding steam.
The hornet stings you.
* * * LOW HITPOINT WARNING * * *
You feel as though you will be slow longer.
The hornet barely misses you.
You feel much better.
You feel extremely sick.
The hornet buzzes angrily.
The hornet is engulfed in a cloud of scalding steam.
The hornet stings you!
* * * LOW HITPOINT WARNING * * *
You suddenly lose the ability to move!
The hornet is engulfed in a cloud of scalding steam.
The hornet stings you!
* * * LOW HITPOINT WARNING * * *
You feel as though you will be slow longer.
The hornet is engulfed in a cloud of scalding steam.
The hornet stings you.
* * * LOW HITPOINT WARNING * * *
You are lethally poisoned!
You feel as though you will be slow longer.
A hornet comes into view.
The hornet stings you!
You die...

#....#...##.......##.#
#....###...###..######
##########
###.##......[.# )..#
#.##.#.####.# #...
#..#.#.. #...#
#####.#.#..# #.y.
#............
#...#####~....#...###
#..#.#@ยง.....#..>...
#..'yyy####### #####
#..#~### #y..### #...
#...# #..( ...# ####


You could see 4 hornets.

Vanquished Creatures
  Joseph (D:7)
  A kobold demonologist (D:10)
  An unseen horror (D:10)
  A troll (D:10)
  Prince Ribbit (D:9)
  Grinder (D:4)
  19 yaks
  An acid dragon (D:9)
  3 water moccasins
  A floating eye (D:10)
  3 orc warriors
  A sky beast (D:8)
  2 black bears
  An ice beast (D:7)
  2 centaurs
  2 phantoms
  3 kobold brigands
  5 scorpions
  4 necrophages (D:8)
  11 wights
  7 killer bees (D:8)
  5 howler monkeys
  3 centaur zombies (D:8)
  5 hounds
  9 orc priests
  A gnoll bouda (D:7)
  4 jellies
  4 sleepcaps
  9 iguanas
  9 orc wizards
  A howler monkey zombie (D:8)
  9 gnolls
  8 adders
  A shadow imp (D:5)
  A white imp (D:5)
  2 ufetubi
  A worm (D:3)
  25 orcs
  5 ball pythons
  7 bats
  9 endoplasms
  9 giant cockroaches
  5 goblins
  5 hobgoblins
  2 jackals (D:2)
  4 quokkas
  A frilled lizard (D:2)
  14 kobolds
  4 rats
233 creatures vanquished.

Notes
Turn   | Place    | Note
-------+----------+-------------------------------------------
     0 | D:5      | browni3141 the Ogre Delver began the quest for the Orb.
     0 | D:5      | Reached XP level 1. HP: 24/24 MP: 1/1
     1 | D:5      | Noticed a black bear
     5 | D:6      | Noticed an orc wizard
    10 | D:6      | Noticed a hound
    34 | D:5      | Reached XP level 2. HP: 27/33 MP: 2/2
   526 | D:3      | Reached XP level 3. HP: 20/42 MP: 3/3
  1305 | D:1      | Reached XP level 4. HP: 41/52 MP: 4/4
  1833 | D:2      | Reached skill level 6 in Fighting
  2387 | D:3      | Found a broken altar of Ashenzari.
  2740 | D:4      | Noticed Grinder
  2816 | D:4      | Reached skill level 3 in Maces & Flails
  2816 | D:4      | Reached XP level 5. HP: 41/61 MP: 5/5
  3035 | D:4      | Noticed a water moccasin
  3131 | D:4      | Reached XP level 6. HP: 25/71 MP: 6/6
  3387 | D:4      | Paralysed by Grinder for 5 turns
  3655 | D:4      | Found an opulent altar of Gozag.
  3817 | D:4      | Found Buexatwong's One-of-a-Kind Rings.
  3847 | D:4      | Reached XP level 7. HP: 63/81 MP: 7/7
  3848 | D:4      | Paralysed by Grinder for 5 turns
  3873 | D:4      | Killed Grinder
  3874 | D:4      | Reached skill level 9 in Fighting
  4123 | D:4      | Found a radiant altar of Vehumet.
  4253 | D:4      | Found Guplik's Armour Boutique.
  4253 | D:4      | Noticed an animated plate armour
  4254 | D:4      | Noticed an animated storm dragon scales
  4759 | D:4      | Reached XP level 8. HP: 82/93 MP: 8/8
  4763 | D:4      | Identified the ring "Wecaequeti" {rC+ Will+ Int+4}
  4832 | D:4      | Learned a level 5 spell: Borgnjor's Vile Clutch
  5649 | D:5      | Found a glowing silver altar of Zin.
  5754 | D:5      | Reached skill level 3 in Necromancy
  5754 | D:5      | Reached skill level 3 in Earth Magic
  6125 | D:6      | Reached XP level 9. HP: 89/101 MP: 9/9
  6978 | D:7      | Found a glowing golden altar of the Shining One.
  6982 | D:7      | Reached skill level 3 in Spellcasting
  7193 | D:7      | Found a staircase to the Ecumenical Temple.
  7241 | Temple   | Entered the Ecumenical Temple
  7408 | Temple   | Became a worshipper of Ru the Awakened
  7722 | D:7      | Found a burning altar of Makhleb.
  7767 | D:7      | Noticed Joseph
  7780 | D:7      | Killed Joseph
  7885 | D:7      | Found a white marble altar of Elyvilon.
  7984 | D:7      | Identified the +0 robe "Vielizxe" {rF+ Int+2}
  8155 | D:7      | Reached skill level 6 in Maces & Flails
  8155 | D:7      | Reached XP level 10. HP: 106/110 MP: 5/16
  9006 | D:8      | Reached skill level 6 in Necromancy
  9008 | D:8      | Reached skill level 6 in Earth Magic
  9162 | D:8      | Gained mutation: You are somewhat inexperienced. (-1 XL)
                  | [Ru sacrifice]
  9162 | D:8      | Reached XP level 9. HP: 101/101 MP: 16/16
  9162 | D:8      | Reached * piety under Ru
  9482 | D:8      | Reached skill level 6 in Spellcasting
  9674 | D:8      | Found a blossoming altar of Fedhas.
 10328 | D:9      | Found a hide-covered altar of Uskayaw.
 10335 | D:9      | Found an ancient bone altar of Kikubaaqudgha.
 10377 | D:9      | Reached skill level 9 in Maces & Flails
 10437 | D:9      | Noticed a toenail golem
 10444 | D:9      | Noticed Prince Ribbit
 10459 | D:9      | Killed Prince Ribbit
 10460 | D:9      | Reached XP level 10. HP: 70/110 MP: 9/19
 10561 | D:9      | Found a transporter.
 10562 | D:9      | Noticed a sixfirhy
 10576 | D:9      | Found a one-way gate to the infinite horrors of the Abyss.
 10576 | D:9      | Noticed LobsterGuardian's ghost (novice OpDe)
 10579 | D:9      | Noticed a wizard
 10591 | D:9      | Found a transporter.
 10616 | D:9      | Found a basalt altar of Yredelemnul.
 10691 | D:9      | Found a stormy altar of Qazlal.
 10806 | D:9      | Noticed a skeletal warrior
 11073 | D:10     | Entered Level 10 of the Dungeon
 11329 | D:10     | Reached skill level 3 in Shields
 11657 | D:10     | Paralysed by a hornet for 1 turns
 11660 | D:10     | Paralysed by a hornet for 2 turns
 11660 | D:10     | Slain by a hornet

Illustrated notes

Levels and vault maps discovered:
D:1:      minmay_arrival_diagonal_passages, layout_basic
D:2:      layout_basic, minmay_fractal_squares_5
D:3:      layout_loops_cross, nicolae_ashenzari_skybound
D:4:      minmay_clustersquares, layout_basic, lemuel_round_altar,
          nicolae_gozag_seed_capital, serial_shops, nicolae_shop_mannequins,
          nicolae_shop_unique_rings, uniq_grinder
D:5:      layout_rooms, zin_treasury, serial_glass, glass_columns_c,
          glass_columns_b
D:6:      layout_cave_pools, serial_park, serial_park_square3
          [serial_park_minivault_5x5_3], serial_park_tiny_1, serial_park_gazebo
          [serial_park_minivault_5x5_4], serial_park_square1
          [serial_park_minivault_5x5_1]
D:7:      layout_basic, nicolae_overflow_hidden_temple,
          mainiacjoe_overflow_catwalk, general_overflow_altar, temple_pool_b,
          uniq_joseph
D:8:      layout_cave_pods, fedhas_altar_decomposition
D:9:      layout_basic, mainiacjoe_overflow_concentric_impassable,
          kennysheep_little_box, mainiacjoe_overflow_big_doors,
          gammafunk_ghost_abyssal_escape, uniq_prince_ribbit1
D:10:     hellmonk_paralyzer, layout_basic, xom_teletrap_fun
Temple:   grunt_temple_mini_profane

Skill      XL: |  1  2  3  4  5  6  7  8  9 10 |
---------------+-------------------------------+-----
Maces & Flails | 2 3 4 9 10 | 10.3
Fighting       | 5 6 7 8 10 | 10.2
Necromancy     | 4 5 6 |  6.0
Earth Magic    | 4 5 6 |  6.0
Spellcasting   | 6 5 |  6.0
Shields        | 3 |  3.6
Dodging        | |  1.7
Stealth        | |  3.7

Action                     |  1- 3 |  4- 6 |  7- 9 | 10-12 || total
---------------------------+-------+-------+-------+-------++-------
  Melee: Mace              |   114 |   122 |   348 |       ||   584
         Punch             |       |     2 |     6 |     3 ||    11
         Flail             |       |       |   153 |   131 ||   284
  Throw: Dart              |       |    32 |    25 |       ||    57
   Cast: Borgnjor's Vile C |       |       |    24 |    26 ||    50
 Invoke: Sacrifice Experie |       |       |     1 |       ||     1
  Evoke: Wand              |       |       |    42 |     1 ||    43
         Phial of floods   |       |       |       |     1 ||     1
    Use: Scroll            |     1 |       |       |     1 ||     2
         Potion            |       |     2 |     5 |     2 ||     9
   Stab: Sleeping          |     2 |     7 |     3 |       ||    12
 Armour: Robe              |    50 |    43 |   113 |    22 ||   228
  Dodge: Dodged            |    51 |    96 |   269 |    50 ||   466
